Unix NetHack Version 3.7.0-101 Work-in-progress - last build Apr 1 2024 13:39:02 (cf3915abb6dcc6e3362b2b16a766b7b4f6c45fc9,branch:master). Game began 2024-04-05 22:28:26, ended 2024-04-05 22:29:52. finitelycraig, lawful male human Priest --------- -.....$.| |.......-$## ###|.......| ## ####-.......| ##----------- -------### |...>...| #|.......d.. |......## -.--+---- ##..........| |.....| # |..$......| ------------- |.....| ...@.......#########............. |.....-# ----------- |...........| -------# |...--.--...+ # |...|...|...| ## |...|...|...| # |...|...|...| # -|-+- |...-----...| # |...- |..........)| ###-(<.| |...........| |...| ------------- ----- Finitelycraig the Aspirant St:13 Dx:11 Co:10 In:11 Wi:18 Ch:11 Lawful Dlvl:1 $:0 HP:0(14) Pw:6(6) AC:7 Xp:1/19 T:167 Burdened Blind Latest messages: You take a sip of very warm water. Drink from the sink? [yn] (n) Yuk, this water tastes awful. Lucey picks up an uncursed cloudy potion. Drink from the sink? [yn] (n) You hear clanking from the pipes... Lucey drops an uncursed cloudy potion. Drink from the sink? [yn] (n) The water moves as though of its own will! Drink from the sink? [yn] (n) You hear snatches of song from among the sewers... The water elemental hits! You hear a gurgling noise. You have a little trouble lifting an uncursed pyramidal amulet. Continue? [ynq] (q) You have a little trouble lifting l - an uncursed pyramidal amulet. Your movements are slowed slightly because of your load. What do you want to wear? [*] l - an uncursed pyramidal amulet (being worn). You see here a cursed war hammer. You miss the newt. The newt bites! The newt bites! You kill the newt! You have a little trouble lifting m - an uncursed cloudy potion. There is nothing here to pick up. Drink from the sink? [yn] (n) Ew, what a stench! You are enveloped in a cloud of noxious gas! Your eyes sting. Something is burning your lungs! You cough and spit blood! Drink from the sink? [yn] (n) Ew, what a stench! You can see again. Your eyes sting. Something is burning your lungs! You cough and spit blood! You die... But wait... Your medallion feels warm! You feel much better! The medallion crumbles to dust! Something is burning your lungs! You cough and spit blood! You survived that attempt on your life. You can see again. Your eyes sting. Something is burning your lungs! You cough and spit blood! You die... Inventory: Weapons (')') a - a blessed +1 mace (weapon in right hand) Armor ('[') c - an uncursed +0 small shield (being worn) b - an uncursed +0 robe (being worn) Comestibles ('%') e - an uncursed clove of garlic f - an uncursed sprig of wolfsbane i - an uncursed lichen corpse Spellbooks ('+') h - an uncursed spellbook of detect food g - an uncursed spellbook of light Potions ('!') m - an uncursed potion of gain ability d - 4 potions of holy water Tools ('(') j - an uncursed locked large box containing 2 items Gems/Stones ('*') k - 2 uncursed jet stones Contents of the large box: an uncursed potion of fruit juice an uncursed worthless piece of black glass Finitelycraig the Priest's attributes: Background: You were an Aspirant, a level 1 human Priest. You were lawful, on a mission for Ptah who was opposed by Thoth (neutral) and Anhur (chaotic). You were right-handed. You were in the Dungeons of Doom, on level 1. You entered the dungeon 167 turns ago. It was nighttime. You had 19 experience points, 1 more was needed to attain level 2. Basics: You had 0 out of 14 hit points. You had all 6 energy points (spell power). Your armor class was 7. Your wallet was empty. Autopickup was on for '$?!"=/*', with exceptions. Final Characteristics: Your strength was 13 (limit:18/100). Your dexterity was 11 (limit:18). Your constitution was 10 (peak:11, limit:18). Your intelligence was 11 (limit:18). Your wisdom was 18 (limit:18). Your charisma was 11 (limit:18). Final Status: You were temporarily blind. You weren't hungry. You were burdened; movement was slightly slowed. You were wielding a mace. You had basic skill with mace. Final Attributes: You were fervently aligned. You were guarded. You are dead (2nd time!). Miscellaneous: You disabled loading of bones levels. Total elapsed playing time was 1 minute and 26 seconds. Major events: Turn 1: finitelycraig the lawful human Priest entered the dungeon 166: averted death (killed by a gas cloud) 167: killed by a gas cloud Vanquished creatures: 2 goblins 2 grid bugs a lichen a newt 6 creatures vanquished. No species were genocided or became extinct. Voluntary challenges: You went without food. You were an atheist. You were illiterate. You never engraved Elbereth. You never genocided any monsters. You never polymorphed an object. You never changed form. You used no wishes. The Dungeons of Doom: levels 1 to 2 Level 1: <- You were here. A sink. Final resting place for you, killed by a gas cloud. Level 2: Game over: ---------- / \ / REST \ / IN \ / PEACE \ / \ | finitelycraig | | 0 Au | | killed by a gas | | cloud | | | | | | 2024 | *| * * * | * _________)/\\_//(\/(/\)/\//\/|_)_______ Goodbye finitelycraig the Priest... You died in The Dungeons of Doom on dungeon level 1 with 126 points, and 0 pieces of gold, after 167 moves. You were level 1 with a maximum of 14 hit points when you died.